 Dungeon Crawl Stone Soup version 0.28.0-53-g5a82cb258f (webtiles) character file.

Game seed: 8692584949897911532

56 Tirrikindir the Ducker (level 3, 22/26 HPs)
             Began as an Octopode Fighter on Aug 15, 2022.
             Was a Follower of Uskayaw.
             Got out of the dungeon alive.
             The game lasted 00:03:37 (1993 turns).

Tirrikindir the Ducker (Octopode Fighter)           Turns: 1993, Time: 00:03:37

Health: 22/26      AC:  1    Str: 15    XL:     3   Next: 97%
Magic:  3/3        EV: 13    Int: 10    God:    Uskayaw [*.....]
Gold:   81         SH:  5    Dex: 13    Spells: 2/2 levels left

rFire   . . .      SeeInvis .   a - +0 long sword
rCold   . . .      Faith    .   b - +0 buckler
rNeg    . . .      Spirit   .   (helmet restricted)
rPois   .          Reflect  .   (no amulet)
rElec   .          Harm     .   (no ring)
rCorr   .          Rampage  .   (no ring)
Will    .....                   (no ring)
Stlth   +++.......              (no ring)
HPRegen 0.08/turn               (no ring)
MPRegen 0.08/turn               (no ring)
                                (no ring)
                                (no ring)

@: no status effects
A: almost no armour, amphibious, 8 rings, camouflage 1, gelatinous body 1,
(nimble swimmer 1), tentacles
a: Renounce Religion, Stomp


You escaped.
You worshipped Uskayaw.
Uskayaw was noncommittal.
You visited 1 branch of the dungeon, and saw 2 of its levels.

You collected 81 gold pieces.

Inventory:

Hand Weapons
 a - a +0 long sword (weapon)
Armour
 b - a +0 buckler (worn)
Scrolls
 d - a scroll of silence {unknown}
 e - a scroll of vulnerability {unknown}
 h - a scroll of blinking {unknown}
Potions
 c - a potion of might
 f - a potion of resistance {unknown}
 g - a potion of heal wounds {unknown}


   Skills:
 + Level 3.3 Fighting
 * Level 2.8 Long Blades
 + Level 3.3 Dodging
 + Level 1.7 Stealth
 + Level 3.3 Shields


You had 2 spell levels left.
You didn't know any spells.
Your spell library was empty.

Dungeon Overview and Level Annotations

Branches:
Dungeon (2/15)

Altars:
Hepliaklqana
Uskayaw


Innate Abilities, Weirdness & Mutations

You cannot wear most types of armour.
You are amphibious.
You can wear up to eight rings at the same time.
Your skin changes colour to match your surroundings (Stealth+).
Your rubbery body absorbs attacks. (AC +1, EV +1)
((You are camouflaged when in or above water. (Stealth+)))
You have tentacles for arms and can constrict up to eight enemies at once.


Message History

You completely miss the dart slug. You grab the dart slug.
You squeeze the dart slug.
The dart slug is heavily wounded.
You constrict the dart slug. The dart slug launches a dart at you.
The slug dart misses you.
You slash the dart slug!
You kill the dart slug!
The goblin hits you with a +0 dagger of venom.
You are poisoned.
You hit the goblin.
You kill the goblin!
You feel sick.
You feel sick.
Things that are here:
a +0 dagger of venom; a goblin corpse You feel sick.
You feel sick.
You feel sick.
There is a faded altar of an unknown god here.
You see here a -3 hunting sling.
You cannot tell which god this altar belongs to.
Convert to them anyway?
Uskayaw accepts your prayer! Uskayaw welcomes you!
You can now stomp with the beat.
You feel sick.
You are no longer poisoned.
(D) Dungeon
Where to? (Enter - D:1 @ (x,y), ? - help)
What level of the Dungeon? (default 1, ? - help)
Things that are here:
a +0 dagger of venom; a goblin corpse
There is a stone staircase leading up here.
You climb upwards.
There is a stone staircase leading down here.
You open the door.
There is an open door here.
There is a staircase leading out of the dungeon here.
Are you sure you want to leave the Dungeon?
This will make you lose the game!
You have escaped!

####.# #..#..#..)............
##.#.########....'.#.####........
............##...#...............
####.######.###..#.##############
.....######+####.#..........#....
.............# #.#.#>#.###.......
.............# #.#.#...# #.......
.............# #.#.###.# #.......
.............# #@#.#######.......
.............# ###...............
.............##############......
.............'............'......
.............##############......
############## #...... #......
#...... #......


There were no monsters in sight!

Vanquished Creatures
  An adder (D:2)
  3 dart slugs
  3 bats
  3 endoplasms
  2 giant cockroaches
  5 goblins
  2 hobgoblins (D:1)
  2 jackals (D:2)
  3 kobolds (D:2)
  3 quokkas
  6 ball pythons
  3 frilled lizards (D:2)
  3 rats
39 creatures vanquished.

Notes
Turn   | Place    | Note
-------+----------+-------------------------------------------
     0 | D:1      | Tirrikindir the Octopode Fighter began the quest for the
                  | Orb.
     0 | D:1      | Reached XP level 1. HP: 16/16 MP: 1/1
   572 | D:1      | Reached XP level 2. HP: 20/21 MP: 2/2
   587 | D:1      | Reached skill level 1 in Stealth
  1295 | D:1      | Reached XP level 3. HP: 25/26 MP: 3/3
  1662 | D:2      | Found a hazy altar of Hepliaklqana.
  1864 | D:2      | Found the +3 salamander hide armour {Flames rF++ rC--}
  1942 | D:2      | Found a faded altar of an unknown god.
  1951 | D:2      | Prayed at the altar of an unknown god.
  1951 | D:2      | Became a worshipper of Uskayaw the Reveller
  1951 | D:2      | Reached * piety under Uskayaw
  1993 | D:$      | Got out of the dungeon alive.

Illustrated notes

Levels and vault maps discovered:
D:1:      amcnicky_arrival_feature_with_door, layout_basic,
          nicolae_concentric_dashed_squares_mild
D:2:      layout_rooms, ebering_ecumenical_altar_rust, basic_altar

Skill      XL: |  1  2 |
---------------+-------+-----
Stealth        | 1 |  1.7
Fighting       | |  3.3
Long Blades    | |  2.8
Dodging        | |  3.3
Shields        | |  3.3

Action                   || total
-------------------------++-------
Melee: Long sword        ||    69
       Constrict         ||    18
       Tentacles         ||     9
 Stab: Sleeping          ||     9
Armor: Skin              ||     6
Dodge: Dodged            ||    34
Block: Buckler           ||    17
